 Dungeon Crawl Stone Soup version 0.29.0-11-gd7f09526c8 (webtiles) character file.

Game seed: 16055428468528475759

358 MisterFreud the Cudgeller (level 6, -3/37 HPs)
             Began as a Gargoyle Fighter on Sept 4, 2022.
             Slain by a lemure (5 damage)
             ... led by Pikel
             ... on level 6 of the Dungeon.
             The game lasted 00:04:43 (3984 turns).

MisterFreud the Cudgeller (Gargoyle Fighter)        Turns: 3984, Time: 00:04:44

Health: -3/37      AC: 12    Str: 21    XL:     6   Next: 64%
Magic:  6/6        EV:  9    Int:  9    God:
Gold:   157        SH:  5    Dex:  9    Spells: 5/5 levels left

rFire   . . .      SeeInvis .   a - +0 flail
rCold   . . .      Faith    .   c - +1 buckler
rNeg    + + .      Spirit   .   b - +0 scale mail
rPois   ∞          Reflect  .   p - +0 helmet
rElec   +          Harm     .   (no cloak)
rCorr   .          Rampage  .   (no gloves)
Will    .....                   (no boots)
Stlth   ..........              (no amulet)
HPRegen 0.12/turn               o - ring of positive energy
MPRegen 0.10/turn               i - ring of flight

@: flying
A: sickness immunity, AC +4, negative energy resistance 1, electricity
resistance, torment resistance 1, petrification resistance
a: no special abilities


You were on level 6 of the Dungeon.
You visited 1 branch of the dungeon, and saw 6 of its levels.

You collected 157 gold pieces.

Inventory:

Hand Weapons
 a - a +0 flail (weapon)
Missiles
 f - 2 curare-tipped darts
 g - 7 poisoned darts (quivered)
Armour
 b - a +0 scale mail (worn)
 c - a +1 buckler (worn)
 p - a +0 helmet (worn)
Jewellery
 i - a ring of flight (right hand)
 o - a ring of positive energy (left hand)
 q - a ring of wizardry
Scrolls
 e - 2 scrolls of magic mapping
 l - 3 scrolls of teleportation
Potions
 d - 3 potions of might
 h - a potion of lignification
 j - a potion of berserk rage
 k - 3 potions of curing
 m - 2 potions of heal wounds {unknown}
 n - a potion of brilliance {unknown}


   Skills:
 - Level 3.2 Fighting
 + Level 6.9 Maces & Flails
 - Level 3.2 Armour
 - Level 3.2 Shields


You had 5 spell levels left.
You didn't know any spells.
Your spell library contained the following spells:

 Spells                   Type           Power      Damage    Failure   Level
 Blink                    Tloc           0%         N/A       91%         2
 Gell's Gravitas          Tloc           0%         N/A       99%         3
 Portal Projectile        Hex/Tloc       0%         N/A       99%         3
 Teleport Other           Tloc           0%         N/A       99%         3
 Tukima's Dance           Hex            0%         N/A       99%         3
 Blade Hands              Tmut           0%         N/A       100%        5
 Manifold Assault         Tloc           0%         N/A       100%        5
 Dispersal                Tloc           0%         N/A       100%        6
 Storm Form               Tmut/Air       0%         N/A       100%        7


Dungeon Overview and Level Annotations

Branches:
Dungeon (6/15)
 Temple: D:4-7

Altars:
Elyvilon
Gozag
Hepliaklqana
Zin
The Shining One

Shops:
D:3 :

Annotations:
D:5 Dowan, Duvessa
D:6 Pikel


Innate Abilities, Weirdness & Mutations

You are immune to sickness and miasma.
Your stone body is resilient. (AC +4)
You are immune to poison.
You resist negative energy. (rN+)
You are resistant to electric shocks. (rElec)
You are resistant to unholy torment.
You are immune to petrification.


Message History

Duvessa hits you but does no damage.
There is a stone staircase leading down here.
Duvessa hits you with a +0 short sword. Duvessa closely misses you.
You fly downwards.
Pikel shouts!
The lemure shouts! x3
Found 10 gold pieces and 5 stones.
There is a stone staircase leading up here.
You reach down and open the door.
A black bear comes into view.
A lemure comes into view.
There is an open door here.
Okay, then.
Unknown command.
You barely miss the lemure. The lemure hits you but does no damage.
You barely miss the lemure. The lemure hits you.
You closely miss the lemure. You block the lemure's attack.
You closely miss the lemure. The lemure barely misses you.
You barely miss the lemure. The lemure hits you.
You closely miss the lemure.
The lemure shouts!
The lemure hits you!
You closely miss the lemure. The lemure hits you but does no damage.
A shadow imp comes into view.
Pikel says, "Don't tell anyone, but I think Ereshkigal likes me."
The lemure attacks as you move away! The lemure hits you!
* * * LOW HITPOINT WARNING * * *
Found 10 gold pieces.
It was a potion of curing.
You feel better. The lemure completely misses you.
You sock the lemure!
The lemure is heavily wounded.
The lemure hits you but does no damage.
You sock the lemure!
The lemure is severely wounded.
The lemure hits you!
* * * LOW HITPOINT WARNING * * *
The lemure hits you!
* * * LOW HITPOINT WARNING * * *
You closely miss the lemure.
The lemure is severely wounded.
The lemure hits you.
You die...

## ... ######## ....
#######......5 .....
#..5.5h<......
$.....#####h#####.......
.......@55K5......#+####
......#####5#####.#
##+## #.# #.# ... .$(
..## #.. ..# ### .5.. ..


You could see Pikel, a black bear and 4 lemures.

Vanquished Creatures
  A black bear (D:5)
  A scorpion (D:5)
  An iguana (D:5)
  An orc wizard (D:2)
  8 adders
  3 dart slugs (D:1)
  3 orcs (D:2)
  8 ball pythons
  5 endoplasms
  2 giant cockroaches
  10 goblins
  4 hobgoblins
  4 jackals (D:1)
  3 kobolds
  5 quokkas
  5 bats
  3 frilled lizards
  11 rats
  A spectral hobgoblin (D:2)
79 creatures vanquished.

Notes
Turn   | Place    | Note
-------+----------+-------------------------------------------
     0 | D:1      | MisterFreud the Gargoyle Fighter began the quest for the
                  | Orb.
     0 | D:1      | Reached XP level 1. HP: 14/14 MP: 1/1
    78 | D:1      | Reached XP level 2. HP: 15/19 MP: 2/2
   164 | D:1      | Reached skill level 3 in Maces & Flails
   349 | D:1      | Reached XP level 3. HP: 20/23 MP: 3/3
  1248 | D:2      | Reached skill level 4 in Maces & Flails
  1361 | D:2      | Reached XP level 4. HP: 28/28 MP: 4/4
  1687 | D:2      | Found a faded altar of an unknown god.
  1882 | D:2      | Reached skill level 5 in Maces & Flails
  1882 | D:2      | Reached XP level 5. HP: 27/32 MP: 5/5
  2566 | D:3      | Found a hazy altar of Hepliaklqana.
  2583 | D:3      | Found Inazo's Book Shoppe.
  3015 | D:3      | Found an opulent altar of Gozag.
  3196 | D:4      | Noticed a phantom
  3402 | D:5      | Entered Level 5 of the Dungeon
  3409 | D:5      | Reached skill level 6 in Maces & Flails
  3409 | D:5      | Reached XP level 6. HP: 37/37 MP: 6/6
  3778 | D:5      | Noticed a black bear
  3785 | D:5      | Killed a black bear
  3919 | D:5      | Found a glowing silver altar of Zin.
  3919 | D:5      | Found a glowing golden altar of the Shining One.
  3921 | D:5      | Found a white marble altar of Elyvilon.
  3950 | D:5      | Noticed Duvessa
  3950 | D:5      | Noticed Dowan
  3961 | D:6      | Noticed Pikel
  3962 | D:6      | Noticed a black bear
  3984 | D:6      | Slain by a lemure

Illustrated notes

Levels and vault maps discovered:
D:1:      mrwooster_arrival_statue, layout_loops_ring
D:2:      layout_basic, dreamdust_ecumenical_altar_drowned_temple,
          grunt_ministairs_3
D:3:      layout_basic, mainiacjoe_overflow_paths,
          nicolae_gozag_cash_rules_everything_around_me, serial_shops, shop,
          chequers_serial_rivers_large_a
D:4:      layout_layer_cave, general_overflow_altar, grunt_qazlal_clouds,
          kennysheep_another_room
D:5:      layout_basic, good_gods_temple_1, uniq_duvessa
D:6:      layout_basic, mainiacjoe_overflow_alcove_2, uniq_blork_the_orc,
          uniq_pikel

Skill      XL: |  1  2  3  4  5 |
---------------+----------------+-----
Maces & Flails | 3 4 5 6 |  6.9
Fighting       | |  3.2
Armour         | |  3.2
Shields        | |  3.2

Action                   |  1- 3 |  4- 6 || total
-------------------------+-------+-------++-------
Melee: Flail             |   132 |   190 ||   322
Throw: Dart              |       |     4 ||     4
  Use: Scroll            |     5 |     3 ||     8
       Potion            |       |     1 ||     1
Armor: Scale mail        |    71 |   105 ||   176
Dodge: Dodged            |    61 |    89 ||   150
Block: Buckler           |    25 |    42 ||    67
